Construct Section Command Post
Selects Rigorous Vehicle Training
Construct Platoon Command Post
Selects Forward Repair Assembly
Unlock M3 Stuart Light Tanks
Selects Light Vehicle Withdraw and Refit
Construct Field Infirmary
6-pounder Anti-tank Gun Team
Unlock Bishop Self-propelled Artillery
Bishop Self-propelled Artillery
Selects UNKNOWN (2162094)
Bishop Self-propelled Artillery
6-pounder Anti-tank Gun Team
Bishop Self-propelled Artillery
Bishop Self-propelled Artillery
Bishop Self-propelled Artillery
6-pounder Anti-tank Gun Team
Selects Heavy Armor Battlegroup
Selects Air and Sea Battlegroup